 Dungeon Crawl Stone Soup version 0.30-a0-782-ge64f9170bb (webtiles) character file.

Game seed: 13508790553498050305

51 funkygono the Firebug (level 3, -7/24 HPs)
             Began as a Demonspawn Fire Elementalist on Mar 10, 2023.
             Killed by divine providence
             ... invoked by an orc priest
              (12 damage)
             ... on level 2 of the Dungeon.
             The game lasted 00:01:42 (1723 turns).

funkygono the Firebug (DsFE)                        Turns: 1723, Time: 00:01:42

Health: -7/24      AC:  2    Str:  8    XL:     3   Next: 57%
Magic:  3/7        EV: 12    Int: 18    God:
Gold:   51         SH:  0    Dex: 13    Spells: 1/7 levels left

rFire   . . .      SeeInvis .    c - +0 dagger
rCold   . . .      Faith    .    (no shield)
rNeg    . . .      Spirit   .    a - +0 robe
rPois   .          Reflect  .    (helmet restricted)
rElec   .          Harm     .    (no cloak)
rCorr   .          Rampage  .    (no gloves)
Will    .....                    (no boots)
Stlth   ++                       (no amulet)
HPRegen 0.24/turn                (no ring)
MPRegen 0.10/turn                (no ring)

@: no status effects
A: antennae 1, demonic guardian 1
a: no special abilities


You were on level 2 of the Dungeon.
You visited 1 branch of the dungeon, and saw 2 of its levels.

You collected 51 gold pieces.

Inventory:

Hand Weapons
 c - a +0 dagger (weapon)
Armour
 a - a +0 robe (worn)
Jewellery
 e - an amulet of magic regeneration
Scrolls
 i - a scroll of teleportation {unknown}
Potions
 b - 2 potions of magic
 d - a potion of attraction {unknown}
 f - 2 potions of heal wounds {unknown}
 g - a potion of might {unknown}
 h - 3 potions of brilliance {unknown}


   Skills:
 + Level 1.8 Dodging
 - Level 1.7 Stealth
 + Level 2.6 Spellcasting
 + Level 1.4 Conjurations
 + Level 3.5 Fire Magic


You had one spell level left.
You knew the following spells:

 Your Spells              Type           Power      Damage    Failure   Level
a - Foxfire               Conj/Fire      44%        2x1d6     6%          1
b - Scorch                Fire           30%        2d7       6%          2
c - Kindle Blastsparks    Fire/Tloc/Air  12%        2d11      30%         3

Your spell library contained the following spells:

 Spells                   Type           Power      Damage    Failure   Level
 Inner Flame              Hex/Fire       8%         N/A       24%         3
 Flame Wave               Conj/Fire      11%        2d6       52%         4


Dungeon Overview and Level Annotations

Branches:
Dungeon (2/15)

Altars:
Nemelex Xobeh


Innate Abilities, Weirdness & Mutations

You have a pair of small antennae on your head.
A weak demonic guardian rushes to your aid.


Message History

r - Retreat! s - Stop attacking. g - Guard the area. f - Follow me.
Anything else - Cancel.
You shout for attention!
You hear a shout! x2
An orc comes into view. It is wielding a +0 flail.
Casting: Foxfire (safe; 6% risk of failure)
Confirm with . or Enter, or press ? or * to list all spells.
You conjure some foxfire!
The foxfire hits the orc priest.
The orc priest is moderately wounded.
The foxfire hits the orc priest.
The orc priest is heavily wounded.
The orc priest invokes the aid of Beogh against you.
Pain shoots through your body!
Casting: Foxfire (safe; 6% risk of failure)
Confirm with . or Enter, or press ? or * to list all spells.
You conjure some foxfire!
The foxfire hits the orc.
The orc is severely wounded.
The foxfire hits the orc.
You kill the orc!
Casting: Foxfire (safe; 6% risk of failure)
Confirm with . or Enter, or press ? or * to list all spells.
You conjure some foxfire!
The orc priest calls down the wrath of Beogh upon you.
Beogh smites you!
* * * LOW HITPOINT WARNING * * *
A demonic guardian appears!
An orc comes into view. It is wielding a +0 dagger.
The orc priest hits your white imp with a +0 whip.
Casting: Foxfire (safe; 6% risk of failure)
Confirm with . or Enter, or press ? or * to list all spells.
You don't know that spell.
Casting: Foxfire (safe; 6% risk of failure)
Confirm with . or Enter, or press ? or * to list all spells.
You don't know that spell.
The orc priest invokes the aid of Beogh against you.
Beogh smites you!
Ouch! That really hurt!
You die...

♣.........# #.#
..........# #o#
..........# #.#
##.[......# #.#
#........# #o#
#.....#### #5# #####.#
#v# #.# #v############
#.# #@§..........#
#.####################.#
#........)..<#.......#.#
###############.####.#.#
#............# #.#.#
###.#############.#.#
#.# #..........#.# #.#
#.##########.# ##.# #.#
#.#


You could see an orc priest (ally target), an orc and a friendly white imp
(summoned).

Vanquished Creatures
  A gnoll (D:1)
  An adder (D:2)
  A worm (D:2)
  An orc (D:2)
  6 ball pythons
  An endoplasm (D:1)
  2 giant cockroaches (D:2)
  3 goblins (D:2)
  A hobgoblin (D:1)
  4 kobolds
  A quokka (D:1)
  3 frilled lizards (D:1)
  3 rats
28 creatures vanquished.

Vanquished Creatures (others)
  86 foxfires
86 creatures vanquished.

Grand Total: 114 creatures vanquished

Notes
Turn   | Place    | Note
-------+----------+-------------------------------------------
     0 | D:1      | funkygono the Demonspawn Fire Elementalist began the quest
                  | for the Orb.
     0 | D:1      | Reached XP level 1. HP: 13/13 MP: 3/3
   330 | D:1      | Reached skill level 3 in Fire Magic
   422 | D:1      | Gained mutation: You have a pair of small antennae on your
                  | head. [demonic ancestry]
   422 | D:1      | Reached XP level 2. HP: 19/19 MP: 3/5
   920 | D:1      | Learned a level 2 spell: Scorch
  1042 | D:2      | Found a sparkling altar of Nemelex Xobeh.
  1069 | D:2      | Gained mutation: A weak demonic guardian rushes to your
                  | aid. [demonic ancestry]
  1069 | D:2      | Reached XP level 3. HP: 24/24 MP: 3/6
  1073 | D:2      | Learned a level 3 spell: Kindle Blastsparks
  1723 | D:2      | Killed from afar by an orc priest

Illustrated notes

Levels and vault maps discovered:
D:1:      lemuel_arrival_rhombus, layout_basic
D:2:      minmay_evil_eye, layout_basic, serial_forest,
          infiniplex_forest_clump_small, infiniplex_forest_lined_2,
          infiniplex_forest_zigzag_1, infiniplex_forest_straight_4,
          infiniplex_forest_straight_2, infiniplex_forest_clump_diagonal,
          basic_altar, chequers_arboretum

Skill      XL: |  1 |
---------------+----+-----
Fire Magic     | 3 |  3.5
Dodging        | |  1.8
Stealth        | |  1.7
Spellcasting   | |  2.6
Conjurations   | |  1.4

Action                     || total
---------------------------++-------
  Melee: Dagger            ||     2
   Cast: Foxfire           ||    48
         Scorch            ||     4
  Dodge: Dodged            ||     5

Table legend: (Time is in decaauts)
 A = Elapsed time spent in this place.
 B = Non-inter-level travel time spent in this place.
 C = Inter-level travel time spent in this place.
 D = Time resting spent in this place.
 E = Time spent auto-exploring this place.
 F = Levels seen in this place.
 G = Mean time per level.
                   A        B        C        D        E       F      G
               +--------+--------+--------+--------+--------+-----+--------+
         Total |   1722 |   1707 |     15 |      0 |   1512 |   2 |  861.0 |
       Dungeon |   1722 |   1707 |     15 |      0 |   1512 |   2 |  861.0 |
               +--------+--------+--------+--------+--------+-----+--------+

Top non-repeatable levels by time:
     D:1: 934 daAuts
     D:2: 787 daAuts
